Map: [ESL] Hard Lead

Players

Cyan

  • Race: Protoss Protoss
  • Spawn Location: 5:00

Serral - Winner!

  • Race: Zerg Zerg
  • Spawn Location: 11:00

Event: ESL SC2 Masters 2023 Winter (Finals)

VOD

Have the link to the VOD?

Description

Time

  • Played on: Dec. 15, 2023, 2:12 p.m.
  • Length: 11:57

All games in this series

Show
View Real Time Build Order
Export as new Build Order

Cyan Protoss 

Build Orders: 1 Gate Expand, Oracle Opening 

Get SALT Encoding   

  12  0:00  Probe  
  13  0:14  Pylon  
  13  0:18  Probe (Chrono Boost)  
  14  0:28  Probe (Chrono Boost)  
  15  0:33  Probe (Chrono Boost)  
  16  0:39  Gateway  
  16  0:45  Probe  
  16  0:49  Assimilator  
  18  0:57  Probe  
  18  1:09  Probe  
  19  1:21  Probe  
  20  1:25  Nexus  
  20  1:36  Cybernetics Core  
  20  1:38  Probe  
  21  1:43  Assimilator  
  21  1:50  Probe  
  21  1:53  Pylon  
  22  2:02  Probe  
  23  2:09  Adept (Chrono Boost)  
  23  2:14  Probe  
  26  2:22  Stargate  
  26  2:26  Probe (Chrono Boost)  
  26  2:27  Warp Gate  
  27  2:30  Adept (Chrono Boost)  
  29  2:38  Probe (Chrono Boost)  
  31  2:44  Probe (Chrono Boost)  
  31  2:47  Probe (Chrono Boost)  
  33  2:51  Probe (Chrono Boost)  
  33  2:52  Adept  
  35  3:01  Probe  
  35  3:02  Probe  
  37  3:10  Void Ray (Chrono Boost)  
  41  3:13  Probe  
  42  3:20  Probe  
  42  3:23  Pylon  
  42  3:26  Probe  
  44  3:32  Gateway  
  44  3:36  Probe  
  44  3:41  Oracle  
  48  3:43  Probe  
  49  3:48  Probe  
  49  3:49  Pylon  
  50  3:57  Probe  
  50  4:01  Probe  
  52  4:03  Nexus  
  52  4:09  Probe  
  53  4:10  Pylon  
  53  4:14  Twilight Council  
  53  4:17  Forge  
  51  4:24  Probe  
  51  4:26  Probe  
  51  4:27  Assimilator  
  51  4:31  Adept  
  51  4:32  Gateway  
  51  4:33  Adept, Charge (Chrono Boost)  
  54  4:40  Probe  
  54  4:42  Protoss Ground Weapons Level 1 (Chrono Boost)  
  54  4:43  Gateway  
  55  4:46  Probe  
  55  4:48  Gateway  
  53  5:04  Gateway  
  53  5:05  Gateway  
  53  5:12  Adept  
  53  5:13  Gateway  
  53  5:14  Adept  
  56  5:15  Probe  
  56  5:18  Probe  
  56  5:19  Probe  
  59  5:29  Probe  
  59  5:30  Probe, Stalker  
  63  5:35  Stalker  
  63  5:36  Stalker  
  63  5:38  Probe  
  63  5:39  Pylon  
  63  5:41  Zealot, Probe  
  71  5:43  Probe  
  71  5:48  Zealot  
  74  5:50  Probe  
  74  5:53  Probe  
  74  5:54  Shield Battery  
  74  5:56  Probe  
  77  6:01  Zealot x3  
  83  6:05  Gateway  
  83  6:07  Pylon  
  83  6:09  Zealot  
  85  6:13  Zealot  
  87  6:25  Zealot x5, Blink (Chrono Boost)  
  93  6:32  Protoss Ground Weapons Level 2 (Chrono Boost)  
  93  6:37  Zealot x3  
  97  6:42  Probe  
  97  6:44  Probe  
  97  6:46  Probe  
  100  6:57  Pylon x2  
  100  6:59  Pylon  
  100  7:09  Nexus  
  100  7:10  Pylon  
  100  7:12  Probe, Pylon  
  100  7:14  Shield Battery  
  101  7:16  Pylon  
  101  7:23  Stalker x4  
  101  7:24  Stalker  
  101  7:26  Stalker  
  113  7:30  Probe  
  113  7:31  Probe  
  113  7:33  Probe  
  116  7:40  Shield Battery  
  116  7:42  Probe  
  116  7:43  Robotics Facility, Shield Battery, Probe  
  118  7:48  Photon Cannon  
  118  7:53  Probe  
  118  7:54  Probe  
  120  7:59  Stalker x2  
  120  8:00  Stalker x2  
  120  8:01  Probe  
  129  8:07  Stalker x2  
  133  8:17  Stalker x3  
  139  8:20  Pylon  
  139  8:21  Probe  
  139  8:22  Probe, Pylon  
  141  8:29  Stalker x3  
  141  8:30  Probe  
  122  8:53  Stalker x4  
  122  8:54  Zealot x5  
  134  8:59  Probe x2  
  134  9:01  Warp Prism  
  138  9:08  Probe  
  139  9:10  Probe  
  139  9:11  Probe  
  139  9:12  Assimilator  
  139  9:13  Forge  
  139  9:15  Gateway  
  141  9:20  Probe  
  141  9:24  Assimilator, Pylon  
  142  9:28  Zealot x2  
  142  9:29  Zealot x7, Probe  
  142  9:30  Probe  
  142  9:31  Protoss Ground Armor Level 1 (Chrono Boost)  
  158  9:57  Robotics Bay  
  158  9:58  Stalker x2  
  141  10:00  Photon Cannon  
  141  10:04  Zealot  
  141  10:05  Zealot x5  
  140  10:09  Zealot x2  
  117  10:20  Photon Cannon  
  112  10:24  Zealot x3  
  112  10:26  Probe  
  113  10:32  Observer  
  113  10:34  Zealot x7  
  118  10:45  Stalker x3  
  99  10:53  Probe  
  99  10:56  Stalker x2  
  99  10:57  Stalker x5  
  79  11:09  Zealot x3  
  77  11:13  Zealot  
  77  11:14  Zealot x2  
  77  11:20  Zealot x3  
  83  11:28  Zealot x2  
  81  11:41  Zealot x4  
  71  11:52  Stalker x3  
Show
View Real Time Build Order
Export as new Build Order

Serral Zerg - Winner!

Build Orders: Hatch First 

Get SALT Encoding   

  12  0:00  Drone  
  13  0:12  Overlord  
  13  0:16  Drone  
  14  0:30  Drone x2  
  16  0:37  Drone  
  17  0:51  Hatchery  
  17  0:54  Drone  
  17  0:57  Drone  
  18  1:10  Extractor  
  17  1:12  Spawning Pool  
  17  1:15  Drone  
  17  1:18  Drone  
  18  1:27  Drone  
  19  1:38  Drone  
  20  1:50  Overlord  
  20  1:59  Queen  
  22  2:03  Drone, Queen  
  22  2:04  Zergling x2  
  26  2:10  Metabolic Boost  
  26  2:11  Zergling x2  
  26  2:14  Drone  
  28  2:22  Drone  
  29  2:24  Drone  
  30  2:34  Hatchery  
  29  2:40  Queen  
  29  2:43  Drone  
  32  2:44  Drone  
  32  2:49  Overlord  
  33  2:58  Spore Crawler  
  33  2:59  Zergling x4  
  33  3:00  Zergling x2  
  35  3:08  Overlord  
  35  3:09  Zergling x2  
  36  3:13  Queen  
  36  3:19  Drone x2  
  38  3:23  Drone x2  
  39  3:31  Queen  
  43  3:34  Drone x2  
  43  3:36  Drone  
  44  3:42  Drone x2  
  44  3:47  Drone x3  
  49  3:51  Zergling x2  
  49  3:53  Drone x2  
  51  3:55  Drone  
  51  3:59  Overlord  
  51  4:01  Zergling x2  
  53  4:06  Spore Crawler  
  53  4:07  Overlord  
  52  4:12  Overlord  
  52  4:14  Spore Crawler  
  51  4:19  Drone x3  
  51  4:20  Drone  
  54  4:24  Drone  
  54  4:28  Queen  
  54  4:30  Drone  
  58  4:32  Drone x2  
  58  4:38  Overlord  
  60  4:39  Zergling x2  
  60  4:40  Drone  
  60  4:41  Drone  
  63  4:46  Roach Warren  
  63  4:47  Drone  
  63  4:48  Drone  
  63  4:49  Drone  
  63  4:52  Overlord  
  65  4:53  Drone  
  65  4:59  Drone  
  68  5:00  Drone x3  
  68  5:03  Drone x2  
  70  5:08  Lair  
  70  5:10  Extractor  
  70  5:11  Drone, Overlord  
  70  5:12  Drone  
  70  5:13  Drone  
  72  5:16  Overlord  
  72  5:18  Drone  
  72  5:19  Drone  
  74  5:27  Overlord  
  74  5:31  Hatchery  
  74  5:32  Drone x4  
  74  5:33  Drone  
  74  5:35  Drone x2  
  79  5:38  Overlord  
  79  5:41  Drone  
  79  5:42  Extractor x2, Spore Crawler, Drone  
  78  5:45  Roach x2  
  78  5:46  Roach  
  85  5:50  Roach x2  
  85  5:54  Overlord, Spine Crawler  
  85  5:56  Overlord  
  88  6:01  Roach x3  
  88  6:04  Overlord  
  94  6:06  Roach  
  94  6:07  Roach  
  94  6:10  Spine Crawler  
  96  6:11  Overlord  
  96  6:13  Roach x2  
  96  6:17  Spine Crawler  
  99  6:19  Roach x2  
  102  6:28  Roach  
  102  6:29  Roach x3  
  102  6:32  Glial Reconstitution  
  107  6:34  Roach  
  109  6:40  Drone x6  
  109  6:41  Extractor, Evolution Chamber  
  109  6:43  Overseer  
  109  6:44  Drone x2  
  115  6:48  Drone  
  115  6:51  Extractor  
  115  6:52  Drone  
  115  6:53  Drone, Baneling Nest  
  116  6:56  Overlord  
  116  6:58  Roach  
  116  6:59  Roach x3  
  124  7:05  Roach x2  
  124  7:07  Zerg Missile Weapons Level 1  
  127  7:09  Overlord  
  127  7:13  Overlord  
  127  7:15  Overlord  
  127  7:16  Drone x3  
  127  7:17  Overlord  
  127  7:18  Roach  
  127  7:21  Drone  
  132  7:23  Overlord  
  132  7:26  Drone  
  132  7:27  Overlord  
  132  7:29  Roach x2  
  138  7:30  Roach  
  138  7:33  Evolution Chamber  
  138  7:34  Drone x3, Infestation Pit  
  140  7:37  Drone x4  
  140  7:38  Centrifugal Hooks  
  140  7:40  Drone x3  
  140  7:41  Ravager x2  
  140  7:42  Ravager  
  140  7:44  Overseer  
  149  7:51  Drone x3  
  151  7:52  Zergling x6  
  151  7:56  Zergling x8  
  151  7:57  Burrow, Tunneling Claws  
  159  8:05  Pneumatized Carapace  
  159  8:09  Zergling x10  
  164  8:13  Zerg Melee Weapons Level 1, Overlord  
  164  8:17  Hatchery  
  164  8:19  Hive  
  163  8:21  Zergling x12  
  163  8:23  Baneling x3  
  163  8:24  Baneling  
  169  8:29  Zergling x14  
  169  8:33  Overlord  
  172  8:35  Zergling x12  
  171  8:44  Zergling x12  
  170  8:49  Zergling x8  
  170  8:54  Queen  
  170  8:55  Zergling x8  
  177  8:59  Baneling x11  
  177  9:00  Baneling x5  
  177  9:04  Zerg Missile Weapons Level 2  
  178  9:10  Zergling x20  
  178  9:15  Baneling x11  
  187  9:18  Zergling x10  
  192  9:24  Zergling x12  
  197  9:33  Zergling x10  
  197  9:36  Adrenal Glands, Roach x3  
  197  9:37  Roach, Queen  
  195  9:47  Baneling  
  195  9:48  Baneling x3, Roach x4  
  195  9:49  Zergling x2  
  195  9:50  Zergling x4  
  185  10:00  Zergling x24  
  185  10:03  Roach x3  
  190  10:07  Zergling x2  
  190  10:08  Zergling x8  
  190  10:13  Overlord  
  182  10:14  Zergling x6  
  182  10:19  Zergling x20  
  192  10:26  Zergling x10  
  193  10:28  Baneling x9  
  193  10:29  Baneling x9  
  193  10:30  Zergling x4  
  192  10:37  Drone x3, Roach  
  192  10:40  Zergling x2  
  192  10:41  Zergling x2  
  187  10:43  Zergling x2  
  187  10:44  Zergling x4  
  187  10:46  Roach x2  
  178  10:50  Zergling x2  
  178  10:54  Zergling x6  
  178  10:57  Zergling x8  
  171  11:00  Zergling x2  
  171  11:03  Zergling x2  
  165  11:06  Zergling x6  
  158  11:13  Hatchery  
  158  11:15  Zergling x12  
  158  11:16  Hatchery  
  158  11:17  Roach x2  
  158  11:20  Roach x3  
  158  11:24  Drone x10, Roach  
  158  11:25  Roach x6  
  174  11:27  Baneling x21  
  171  11:33  Zergling x12, Roach  
  171  11:38  Zergling x6  
Tags
 
Add a new tag
Caveats
  • Supply blocks, unpowered buildings, or Contaminate may cause inaccurate times.
  • Supply counts are checked every 10 seconds.